 Dungeon Crawl Stone Soup version 0.30.1-11-g7821555f0a (webtiles) character file.

Game seed: 15651432324139754564

21807 microwhale the Cleaver (level 12, -5/112 HPs)
             Began as a Hill Orc Fighter on Dec 18, 2023.
             Was a High Priest of Zin.
             Slain by a five-headed hydra (12 damage)
             ... on level 2 of the Lair of Beasts on Dec 27, 2023.
             The game lasted 01:49:49 (18515 turns).

microwhale the Cleaver (Hill Orc Fighter)          Turns: 18515, Time: 01:49:49

Health: -5/112     AC: 19    Str: 28    XL:     12   Next: 93%
Magic:  19/21      EV:  7    Int: 12    God:    Zin [*****.]
Gold:   1488       SH:  8    Dex: 20    Spells: 11/11 levels left

rFire   . . .        b - +0 flail
rCold   . . .        c - +0 buckler
rNeg    . . .        e - +0 plate armour
rPois   ∞            (no helmet)
rElec   .            m - +0 cloak
rCorr   .            O - +0 pair of gloves
SInv    .            x - +0 pair of boots {Stlth+}
Will    .....        H - amulet of regeneration Stlth
                     g - +6 ring of dexterity
HPRegen 1.18/turn    (no ring)
MPRegen 0.17/turn

%: no passive effects
@: vitalised, hasted, studying Armour, very quick
A: no striking features
a: Renounce Religion, Recite, Vitalisation, Imprison, Sanctuary, Donate Gold


You were on level 2 of the Lair of Beasts.
You worshipped Zin.
Zin was extremely pleased with you.
You visited 2 branches of the dungeon, and saw 14 of its levels.

You collected 2121 gold pieces.
You donated 633 gold pieces to Zin.

Inventory:

Hand Weapons
 a - a +1 war axe
 b - a +0 flail (weapon)
 u - a +0 sling
Missiles
 l - 2 boomerangs (quivered)
 q - a throwing net
Armour
 c - a +0 buckler (worn)
 e - a +0 plate armour (worn)
 m - a +0 cloak (worn)
 n - a +1 pair of gloves
 x - a +0 pair of boots of stealth (worn)
 O - a +0 pair of gloves (worn)
Jewellery
 g - a +6 ring of dexterity (left hand)
 t - an amulet of faith
 B - a ring of magical power
 H - an amulet of regeneration (around neck)
 K - an amulet of the acrobat
Wands
 d - a wand of light (6)
 k - a wand of mindburst (5)
 w - a wand of iceblast (39)
 G - a wand of digging (4)
 J - a wand of paralysis (5)
Scrolls
 h - a scroll of enchant armour {unknown}
 i - a scroll of silence {unknown}
 j - 2 scrolls of butterflies {unknown}
 o - 4 scrolls of blinking
 p - 2 scrolls of fear {unknown}
 y - a scroll of brand weapon {unknown}
 z - a scroll of magic mapping
 A - 2 scrolls of teleportation
 F - a scroll of poison
 P - a scroll of identify
Potions
 f - 7 potions of lignification
 r - 2 potions of flight
 v - a potion of mutation {unknown}
 C - a potion of invisibility {unknown}
 D - 3 potions of curing
 E - a potion of brilliance {unknown}
 L - a potion of berserk rage
 M - a potion of magic


   Skills:
 + Level 12.1 Fighting
 + Level 12.7 Axes
 + Level 11.2 Armour
 + Level 11.0 Shields
 + Level 12.0 Invocations


You had 11 spell levels left.
You didn't know any spells.
Your spell library contained the following spells:

 Spells                   Type           Power      Damage    Failure   Level
 Magic Dart               Conj           0%         1d3       95%         1
 Call Imp                 Summ           0%         N/A       99%         2
 Mephitic Cloud           Conj/Pois/Air  0%         N/A       100%        3
 Vhi's Electric Charge    Tloc/Air       0%         N/A       100%        3
 Arcjolt                  Conj/Air       0%         1d10      100%        5
 Summon Forest            Summ/Tloc      0%         N/A       100%        5
 Summon Mana Viper        Hex/Summ       0%         N/A       100%        5
 Plasma Beam              Fire/Air       0%         2x1d11    100%        6
 Summon Cactus Giant      Summ           0%         N/A       100%        6


Dungeon Overview and Level Annotations

Branches:
Dungeon (12/15)            Temple (0/1) D:7            Lair (2/5) D:8
    Orc (0/2) D:12
  Swamp: Lair:2-3    Shoals: Lair:2-3     Snake: Lair:2-3    Spider: Lair:2-3

Altars:
Elyvilon
Makhleb
Nemelex Xobeh
Sif Muna
Wu Jian
Yredelemnul
Zin
The Shining One
Lugonu

Shops:
D:8 *


Message History

The centaur kicks you but does no damage.
The five-headed hydra barely misses you.
The five-headed hydra bites you.
* * * LOW HITPOINT WARNING * * *
The five-headed hydra bites you.
* * * LOW HITPOINT WARNING * * *
You block the five-headed hydra's attack.
The five-headed hydra bites you but does no damage.
You thump the five-headed hydra!
The five-headed hydra is severely wounded.
You block the centaur's attack.
The centaur kicks you but does no damage.
The five-headed hydra bites you but does no damage.
The five-headed hydra bites you.
* * * LOW HITPOINT WARNING * * *
The five-headed hydra barely misses you.
The five-headed hydra bites you but does no damage.
The five-headed hydra bites you.
* * * LOW HITPOINT WARNING * * *
The centaur hits you but does no damage.
The centaur barely misses you.
You sock the five-headed hydra!
The five-headed hydra is almost dead.
You block the centaur's attack. x2
Unknown command.
You hit the five-headed hydra but do no damage.
The five-headed hydra is almost dead.
The five-headed hydra bites you.
* * * LOW HITPOINT WARNING * * *
The five-headed hydra bites you but does no damage.
You block the five-headed hydra's attack.
The five-headed hydra bites you but does no damage. x2
The centaur hits you but does no damage.
You block the centaur's attack.
You barely miss the five-headed hydra.
The five-headed hydra is almost dead.
You block the five-headed hydra's attack.
The five-headed hydra bites you but does no damage.
The five-headed hydra bites you!
You die...

#.###............##
..# ##.#.........##
..# ##.#.....<#..#
#.# ##.........##
.... ##.........#
.##.# ##.......##
.# .# #P..##..## #
##.####Dc# #. ##@##
.. #..# # ##.# #.#
#.## #..# #
##..####..
.##.####.........
..........#P###..


You could see a five-headed hydra and a centaur.

Vanquished Creatures
  A catoblepas (D:12)
  A boulder beetle (D:12)
  Amaemon (D:10)
  A manticore (D:11)
  4 cyclopes (D:12)
  2 black mambas (Lair:2)
  A gargoyle (D:10)
  5 cane toads
  An orange demon (D:10)
  Psyche (D:8)
  2 kobold demonologists (D:12)
  An unseen horror (D:12)
  A rime drake (D:8)
  2 komodo dragons (Lair:2)
  3 trolls
  2 polar bears
  Prince Ribbit (D:6)
  Sigmund (D:4)
  5 wraiths
  21 yaks
  4 wyverns
  2 basilisks (D:12)
  Menkaure (D:6)
  A two-headed ogre zombie (D:12)
  Edmund (D:4)
  9 water moccasins
  3 acid dragons (D:11)
  A sky beast (D:7)
  2 ice beasts (D:8)
  2 orc warriors
  2 ogres (D:6)
  2 wolves (D:8)
  A black bear (D:6)
  5 centaurs
  4 phantoms
  7 bullfrogs
  5 kobold brigands
  7 earth elementals (D:12)
  A gnoll sergeant (D:8)
  4 scorpions
  8 wights
  A troll zombie (D:12)
  14 killer bees
  5 spriggan skeletons (D:9)
  7 electric eels
  4 howler monkeys
  A troll skeleton (D:9)
  A gnoll bouda (D:6)
  5 hounds
  5 jellies
  5 orc priests
  Crazy Yiuf (D:2)
  Jessica (D:3)
  3 iguanas (D:5)
  6 orc wizards
  6 ogre zombies (D:12)
  15 gnolls
  10 adders
  A shadow imp (D:7)
  A white imp (D:7)
  An ufetubus (D:5)
  A worm (D:4)
  3 dart slugs
  33 orcs
  8 bats
  11 endoplasms
  A giant cockroach (D:4)
  35 hobgoblins
  2 jackals (D:3)
  35 kobolds
  A quokka (D:1)
  4 ball pythons
  6 frilled lizards
  34 goblins
  A hobgoblin skeleton (D:12)
  3 orc skeletons (D:12)
  21 orc zombies (D:12)
  4 rats
425 creatures vanquished.

Vanquished Creatures (others)
  An adder (D:6)
  An orc (D:9)
2 creatures vanquished.

Grand Total: 427 creatures vanquished

Notes
Turn   | Place    | Note
-------+----------+-------------------------------------------
     0 | D:1      | microwhale the Hill Orc Fighter began the quest for the
                  | Orb.
     0 | D:1      | Reached XP level 1. HP: 19/19 MP: 1/1
   155 | D:1      | Reached XP level 2. HP: 24/27 MP: 2/2
   821 | D:2      | Reached XP level 3. HP: 27/33 MP: 3/3
   926 | D:2      | Found a runed translucent door.
   927 | D:2      | Noticed Crazy Yiuf
   934 | D:2      | Killed Crazy Yiuf
   935 | D:2      | Reached XP level 4. HP: 7/41 MP: 1/4
  1732 | D:3      | Reached XP level 5. HP: 47/47 MP: 5/5
  1806 | D:3      | Found a faded altar of an unknown god.
  1947 | D:3      | Found a white marble altar of Elyvilon.
  1960 | D:3      | Became a worshipper of Elyvilon the Healer
  2164 | D:3      | Noticed Jessica
  2169 | D:3      | Killed Jessica
  2794 | D:4      | Reached skill level 1 in Invocations
  2814 | D:4      | Reached * piety under Elyvilon
  2835 | D:4      | Found a burning altar of Makhleb.
  2835 | D:4      | Found a glowing silver altar of Zin.
  2838 | D:4      | Found a glowing golden altar of the Shining One.
  2844 | D:4      | Fell from the grace of Elyvilon
  2844 | D:4      | Became a worshipper of Zin the Law-Giver
  2844 | D:4      | Reached * piety under Zin
  2845 | D:4      | Donated 113 gold pieces to Zin
  2885 | D:4      | Noticed a water moccasin
  2906 | D:4      | Killed a water moccasin
  2907 | D:4      | Reached skill level 5 in Fighting
  2907 | D:4      | Reached XP level 6. HP: 25/56 MP: 5/7
  3303 | D:4      | Reached skill level 5 in Axes
  3303 | D:4      | Reached XP level 7. HP: 46/61 MP: 8/8
  3305 | D:4      | Reached skill level 5 in Shields
  3627 | D:4      | Reached skill level 5 in Armour
  3942 | D:4      | Noticed Edmund
  3967 | D:4      | Killed Edmund
  4076 | D:4      | Noticed Sigmund
  4105 | D:4      | Killed Sigmund
  4318 | D:5      | Entered Level 5 of the Dungeon
  4370 | D:5      | Reached XP level 8. HP: 70/70 MP: 10/10
  5198 | D:5      | Reached skill level 5 in Invocations
  5274 | D:5      | Found a basalt altar of Yredelemnul.
  5716 | D:6      | Noticed Prince Ribbit
  5738 | D:6      | Killed Prince Ribbit
  5739 | D:6      | Reached XP level 9. HP: 51/79 MP: 13/13
  5989 | D:6      | Found a shimmering blue altar of Sif Muna.
  6185 | D:6      | Noticed Menkaure
  6196 | D:6      | Killed Menkaure
  6494 | D:6      | Reached ** piety under Zin
  7277 | D:6      | Donated 125 gold pieces to Zin
  7647 | D:7      | Found a staircase to the Ecumenical Temple.
  8014 | D:6      | Reached XP level 10. HP: 48/90 MP: 15/15
  8446 | D:8      | Found Sejouw's Lightly-Used Armoury.
  8747 | D:8      | Found an ornate altar of the Wu Jian Council.
  8822 | D:8      | Reached *** piety under Zin
  8941 | D:8      | Found a staircase to the Lair.
  9910 | D:9      | HP: 3/91 [orc/iceblast (12)]
 10743 | D:8      | Noticed Psyche
 10750 | D:8      | Paralysed by Psyche for 4 turns
 10762 | D:8      | Paralysed by something for 3 turns
 10782 | D:8      | Killed Psyche
 11288 | D:9      | Reached skill level 10 in Axes
 11466 | D:9      | Reached **** piety under Zin
 11658 | D:9      | Reached XP level 11. HP: 78/91 MP: 17/17
 11805 | D:10     | Entered Level 10 of the Dungeon
 12132 | D:10     | Reached skill level 10 in Fighting
 12705 | D:10     | Noticed Amaemon
 13923 | D:10     | Killed Amaemon
 13924 | D:10     | Reached skill level 10 in Invocations
 14059 | D:10     | Found a sparkling altar of Nemelex Xobeh.
 14627 | D:11     | HP: 7/151 [wraith (7)]
 14631 | D:11     | HP: 2/151 [wraith (9)]
 14769 | D:11     | Noticed a manticore
 14811 | D:12     | Noticed a cyclops
 14829 | D:11     | Killed a manticore
 14911 | D:11     | Reached ***** piety under Zin
 15364 | D:12     | Noticed a cyclops
 15385 | D:12     | Killed a cyclops
 15533 | D:12     | Reached skill level 10 in Armour
 15561 | D:12     | Killed a cyclops
 15562 | D:12     | Reached skill level 10 in Shields
 15562 | D:12     | Reached XP level 12. HP: 83/110 MP: 18/20
 15638 | D:12     | Noticed a boulder beetle
 15757 | D:12     | Killed a boulder beetle
 15841 | D:12     | Found a staircase to the Orcish Mines.
 16061 | D:12     | Found a corrupted altar of Lugonu.
 16263 | D:12     | HP: 1/110 [earth elemental (23)]
 16279 | D:12     | HP: 1/110 [earth elemental (12)]
 16288 | D:12     | Zin protects you from harm!
 16456 | D:12     | Noticed a catoblepas
 16485 | D:12     | Killed a catoblepas
 17028 | Lair:1   | Entered Level 1 of the Lair of Beasts
 17064 | Lair:1   | Donated 255 gold pieces to Zin
 18081 | Lair:2   | Noticed a five-headed hydra
 18142 | Lair:1   | Identified 2 scrolls of acquirement
 18142 | Lair:1   | Acquired a manual of Armour
 18145 | Lair:1   | Acquired 1147 gold pieces
 18146 | Lair:1   | Reached ****** piety under Zin
 18515 | Lair:2   | Slain by a five-headed hydra

Illustrated notes

Levels and vault maps discovered:
D:1:      minmay_arrival_arboretum_large, layout_basic, minivault_26,
          serial_bayou_pond_e, roderic_serpentine_path
D:2:      kennysheep_six_static_rooms, layout_loops_ring, dk_noncrumbling_3,
          uniq_crazy_yiuf_cottage
D:3:      layout_loops_corners, elyvilon_altar_5,
          hellmonk_ecumenical_altar_heavens_door, grunt_ministairs_15,
          uniq_jessica
D:4:      layout_layer_cave, gammafunk_temple_overflow_forgotten,
          wad_floor_pattern_untrapped, sigmund_edmund_badplayer
D:5:      layout_loops_ring, lemuel_round_altar, minmay_statues_item
D:6:      minmay_goblin_kobold_castle, layout_rooms, general_overflow_altar,
          uniq_prince_ribbit1, uniq_menkaure
D:7:      layout_rooms, minmay_temple_entry_from_below_a
D:8:      layout_loops_ring, mainiacjoe_overflow_chevrons,
          hellmonk_lair_entry_icy, hangedman_abyss_or_decor_clamps,
          minmay_shop_damaged, grunt_decor_clamped, uniq_psyche
D:9:      layout_basic, hangedman_tell_no_tales
D:10:     argonaut_augean_stables, layout_basic, nemelex_spade_bored_becter,
          hex_intersection, hangedman_decor_clover_reticule, uniq_amaemon
D:11:     layout_loops_ring, eino_curves_02, kennysheep_generic_room_13
D:12:     kennysheep_kobold_lugonu_temple, layout_basic, zombieorc2_lemuel,
          hex_medium, hangedman_cracks_in_the_wall
Lair:1:   layout_cave_shapes, grunt_forest_large_clearings
Lair:2:   layout_loops_ring, minmay_shoals_entry_centaurs

Skill      XL: |  1  2  3  4  5  6  7  8  9 10 11 12 |
---------------+-------------------------------------+-----
Axes           | 3 4 5 7 8 10 11 12 | 12.7
Fighting       | 4 5 6 7 8 9 11 12 | 12.1
Armour         | 4 5 6 7 8 10 11 | 11.2
Shields        | 4 5 6 7 8 10 11 | 11.0
Invocations    | 1 2 3 5 7 9 10 12 | 12.0

Action                     |  1- 3 |  4- 6 |  7- 9 | 10-12 || total
---------------------------+-------+-------+-------+-------++-------
  Melee: War axe           |    63 |   140 |   410 |  1085 ||  1698
         Flail             |       |       |       |    18 ||    18
  Throw: Boomerang         |       |       |    18 |    11 ||    29
 Invoke: Donate Gold       |       |     1 |     1 |     1 ||     3
         Recite            |       |       |     1 |    16 ||    17
         Vitalisation      |       |       |       |     8 ||     8
         Sanctuary         |       |       |       |     1 ||     1
    Use: Scroll            |     1 |       |    10 |    10 ||    21
         Potion            |       |       |     2 |    16 ||    18
   Stab: Confused          |       |       |       |     5 ||     5
         Distracted        |       |       |       |     1 ||     1
 Armour: Scale mail        |    37 |    73 |       |       ||   110
         Chain mail        |       |       |   246 |   475 ||   721
         Skin              |       |       |       |    22 ||    22
         Plate armour      |       |       |       |    91 ||    91
  Dodge: Dodged            |    42 |    52 |   174 |   360 ||   628
  Block: Buckler           |    15 |    40 |   117 |   357 ||   529
